 Dungeon Crawl Stone Soup version 0.26-a0-651-gb41185065b (webtiles) character file.

Game seed: 1749594420103694314

131 Lanoc the Chopper (level 5, -2/41 HPs)
             Began as a Human Gladiator on Oct 19, 2020.
             Was a Follower of Nemelex Xobeh.
             Slain by a gnoll
             ... wielding a +0 halberd
              (9 damage)
             ... on level 4 of the Dungeon.
             The game lasted 00:02:07 (1649 turns).

Lanoc the Chopper (Human Gladiator)                 Turns: 1649, Time: 00:02:08

Health: -2/41      AC:  5    Str: 14    XL:     5   Next: 37%
Magic:  5/6        EV: 13    Int:  9    God:    Nemelex Xobeh [*.....]
Gold:   95         SH:  0    Dex: 15    Spells: 4/4 levels left

rFire    . . .     SeeInvis .   a - +0 war axe
rCold    . . .     Faith    .   (no shield)
rNeg     . . .     Spirit   .   b - +0 leather armour
rPois    .         Reflect  .   c - +0 helmet
rElec    .         Harm     .   r - +0 cloak
rCorr    .         Rampage  .   (no gloves)
MR       .....                  (no boots)
Stlth    +.........             (no amulet)
HPRegen  0.13/turn              e - +4 ring of slaying
MPRegen  0.10/turn              (no ring)

@: lightly drained
A: no striking features
a: Draw Escape, Draw Destruction, Draw Summoning, Renounce Religion


You were on level 4 of the Dungeon.
You worshipped Nemelex Xobeh.
Nemelex Xobeh was aware of your devotion.
You visited 1 branch of the dungeon, and saw 4 of its levels.

You collected 95 gold pieces.

Inventory:

Hand Weapons
 a - a +0 war axe (weapon)
Missiles
 d - 4 throwing nets (quivered)
Armour
 b - a +0 leather armour (worn)
 c - a +0 helmet (worn)
 o - a +0 kite shield
 r - a +0 cloak (worn)
Jewellery
 e - a +4 ring of slaying (left hand)
Scrolls
 f - 3 scrolls of identify {unknown}
 j - 4 scrolls of remove curse {unknown}
 k - a scroll of amnesia {unknown}
 m - 2 scrolls of teleportation {unknown}
 n - a scroll of fog {unknown}
 q - a scroll of enchant armour {unknown}
Potions
 g - a potion of berserk rage {unknown}
 h - 2 potions of flight {unknown}
 i - 2 potions of curing {unknown}
 l - 2 potions of haste {unknown}
 p - a potion of lignification {unknown}


   Skills:
 + Level 3.0(2.9) Fighting
 + Level 4.3 Axes
 - Level 2.0(1.9) Throwing
 + Level 3.7 Dodging
 * Level 1.3 Invocations


You had 4 spell levels left.
You didn't know any spells.
Your spell library was empty.

Dungeon Overview and Level Annotations

Branches:
Dungeon (4/15)
 Temple: D:4-7

Altars:
Nemelex Xobeh


Message History

You kill the gnoll!
The gnoll barely misses you. The gnoll hits you.
* * * LOW HITPOINT WARNING * * *
The gnoll hits you with a +0 flail.
* * * LOW HITPOINT WARNING * * *
You hit the gnoll.
The gnoll is almost dead.
You hit the gnoll. The gnoll hits you but does no damage.
The gnoll barely misses you. x2; The gnoll hits you.
* * * LOW HITPOINT WARNING * * *
You slash the gnoll!
You kill the gnoll!
Your base Fighting skill increases to level 3!
You hit the gnoll. The gnoll closely misses you. x2
The gnoll barely misses you.
You hit the gnoll.
The gnoll is moderately wounded.
You hit the gnoll. The gnoll hits you with a +0 halberd!
You die...
Your body glows slightly and disappears.

##.......##
#.........###
.....<......#
............#
............#
...$........#
.......g...##
.......@g...##
..."..[......#
....(......#....
#.........## ..
#.........#
##........#
##......##
########


You could see 2 gnolls.

Vanquished Creatures
  Crazy Yiuf (D:3)
  Robin (D:2)
  2 gnolls (D:4)
  2 adders (D:2)
  4 leopard geckos
  2 orcs (D:3)
  14 goblins
  5 hobgoblins
  A quokka (D:3)
  A ball python (D:3)
  7 bats
  2 frilled lizards
  4 kobolds
  2 rats
48 creatures vanquished.

Notes
Turn   | Place    | Note
-------+----------+-------------------------------------------
     0 | D:1      | Lanoc the Human Gladiator began the quest for the Orb.
     0 | D:1      | Reached XP level 1. HP: 16/16 MP: 1/1
   112 | D:2      | Reached XP level 2. HP: 21/22 MP: 2/2
   118 | D:2      | Reached XP level 3. HP: 20/28 MP: 3/3
   119 | D:2      | Noticed Robin
   346 | D:2      | Killed Robin
   537 | D:2      | Reached XP level 4. HP: 34/34 MP: 4/4
   601 | D:2      | Reached skill level 4 in Axes
  1031 | D:3      | Found a faded altar of an unknown god.
  1046 | D:3      | Became a worshipper of Nemelex Xobeh the Trickster
  1046 | D:3      | Reached * piety under Nemelex Xobeh
  1204 | D:3      | Received a gift from Nemelex Xobeh
  1205 | D:3      | Found a runed translucent door.
  1206 | D:3      | Noticed Crazy Yiuf
  1613 | D:3      | Killed Crazy Yiuf
  1613 | D:3      | Reached skill level 1 in Invocations
  1613 | D:3      | Reached XP level 5. HP: 12/40 MP: 5/5
  1649 | D:4      | Slain by a gnoll

Illustrated notes

Levels and vault maps discovered:
D:1:      dpeg_arrival_radiant, layout_rooms
D:2:      layout_rooms, uniq_robin
D:3:      layout_loops_cross, chequers_ecumenical_altar_simple,
          uniq_crazy_yiuf_cottage
D:4:      black_bear_nest_1, layout_cave_pods, minmay_temple_entry_sparse_star,
          uniq_grinder, uniq_sigmund

Skill      XL: |  1  2  3  4  5 |
---------------+----------------+-----
Axes           | 4 |  4.3
Invocations    | 1 |  1.3
Fighting       | 3 |  3.0
Throwing       | |  2.0
Dodging        | |  3.7

Action                   |  1- 3 |  4- 6 || total
-------------------------+-------+-------++-------
Melee: War axe           |    39 |    51 ||    90
 Stab: Sleeping          |       |     1 ||     1
Armor: Leather armour    |    13 |    11 ||    24
Dodge: Dodged            |    40 |    42 ||    82

Table legend: (Time is in decaauts)
 A = Elapsed time spent in this place.
 B = Non-inter-level travel time spent in this place.
 C = Inter-level travel time spent in this place.
 D = Time resting spent in this place.
 E = Time spent auto-exploring this place.
 F = Levels seen in this place.
 G = Mean time per level.
                   A        B        C        D        E       F      G
               +--------+--------+--------+--------+--------+-----+--------+
         Total |   1676 |   1613 |     63 |    197 |   1149 |   4 |  419.0 |
       Dungeon |   1676 |   1613 |     63 |    197 |   1149 |   4 |  419.0 |
               +--------+--------+--------+--------+--------+-----+--------+

Top non-repeatable levels by time:
     D:3: 823 daAuts
     D:2: 527 daAuts
     D:1: 317 daAuts
     D:4: 8 daAuts
